 Dungeon Crawl Stone Soup version 0.27-a0-32-g443bf2d2ca (webtiles) character file.

Game seed: 16742063163674595962

241 Descartes the Sneak (level 5, 0/25 HPs)
             Began as a Felid Monk on Jan 4, 2021.
             Succumbed to a scorpion's poison
             ... on level 3 of the Dungeon.
             The game lasted 00:03:50 (3530 turns).

Descartes the Sneak (Felid Monk)                    Turns: 3530, Time: 00:03:51

Health: 0/25       AC:  1    Str:  8    XL:     5   Next: 80%
Magic:  6/6        EV: 21    Int: 11    God:
Gold:   123        SH:  5    Dex: 19    Spells: 4/4 levels left
                                        Lives:  0   Deaths: 1

rFire    . . .     SeeInvis +     - Unarmed
rCold    . . .     Faith    .   (shield unavailable)
rNeg     . . .     Spirit   .   (armour unavailable)
rPois    .         Reflect  +   (helmet unavailable)
rElec    .         Harm     .   (cloak unavailable)
rCorr    +         Rampage  .   (gloves unavailable)
Will     .....                  (boots unavailable)
Stlth    ++++......             i - amulet of reflection
HPRegen  0.08/turn              m - ring of resist corrosion
MPRegen  0.10/turn              (no ring)

@: mighty, brilliant, lethally poisoned (0 -> -2), quick
A: very small, no armour, no weapons or thrown items, stealth, claws 1, fangs 3,
see invisible, speed 1, shaggy fur 1, sharp paws
a: no special abilities


You were on level 3 of the Dungeon.
You visited 1 branch of the dungeon, and saw 3 of its levels.

You collected 123 gold pieces.

Inventory:

Missiles
 j - 94 stones
 k - 50 arrows
Jewellery
 i - an amulet of reflection (around neck)
 m - a ring of resist corrosion (left paw)
Scrolls
 a - a scroll of remove curse
 c - a scroll of noise {unknown}
 d - 2 scrolls of enchant armour {unknown}
 e - a scroll of enchant weapon {unknown}
 f - 2 scrolls of magic mapping {unknown}
 g - a scroll of teleportation {unknown}
 h - 2 scrolls of identify {unknown}
 n - a scroll of fog {unknown}
Potions
 b - 3 potions of might
 l - 2 potions of brilliance


   Skills:
 + Level 4.1 Fighting
 + Level 5.5 Dodging
 * Level 6.5 Stealth
 + Level 4.2 Unarmed Combat


You had 4 spell levels left.
You didn't know any spells.
Your spell library was empty.

Dungeon Overview and Level Annotations

Branches:
Dungeon (3/15)

Altars:
Qazlal


Innate Abilities, Weirdness & Mutations

You cannot wear armour.
You are incapable of wielding weapons or throwing items.
Your paws allow you to move quietly. (Stealth)
You have sharp claws.
You have razor-sharp teeth.
You have supernaturally acute eyesight. (SInv)
You cover ground quickly.
You are covered in fur. (AC +1)
Your sharp claws are effective at attacking unaware monsters.


Message History

It was a potion of brilliance.
You feel clever all of a sudden.
There is a lethal amount of poison in your body!
You see here a scorpion corpse.
* * * LOW HITPOINT WARNING * * *
You feel sick.
You see here a scroll labelled ZEYLA JETSOYF.
You see here a potion of might.
b - 3 potions of might (gained 1)
* * * LOW HITPOINT WARNING * * *
You feel sick.
You see here a scroll labelled ZEYLA JETSOYF.
n - a scroll labelled ZEYLA JETSOYF
* * * LOW HITPOINT WARNING * * *
You feel sick.
You see here a potion of brilliance.
l - 2 potions of brilliance (gained 1)
As you read the scroll labelled ERYZUE MUUCK, it crumbles to dust.
You feel blessed for a moment.
It was a scroll of remove curse.
You die...

##.###.#..........#
#.##.#
.........##########
#.##..
#.###.........#
#.#### #...##.##.#
#.#### ###..## #
#..... #.....#
...... ######
#.#...# ....[..
#.#...####......#
#.#....@........#
#.....###.......#
####.#####.......#
#................#
#.#######†...>...#
# #........#
#........#
#........#
#.########


There were no monsters in sight!

Vanquished Creatures
  A scorpion (D:3)
  3 orc priests
  Natasha (thrice) (D:2)
  An orc wizard (D:3)
  A worker ant (D:2)
  6 adders
  3 worms (D:2)
  2 dart slugs (D:1)
  2 leopard geckos
  3 orcs
  3 bats
  3 giant cockroaches (D:1)
  6 goblins
  6 hobgoblins
  A quokka (D:2)
  3 frilled lizards
  3 kobolds
  2 rats
52 creatures vanquished.

Notes
Turn   | Place    | Note
-------+----------+-------------------------------------------
     0 | D:1      | Descartes the Felid Monk began the quest for the Orb.
     0 | D:1      | Reached XP level 1. HP: 10/10 MP: 2/2
    60 | D:1      | Reached skill level 3 in Stealth
   157 | D:1      | Reached XP level 2. HP: 11/14 MP: 3/3
  1341 | D:2      | Reached XP level 3. HP: 17/17 MP: 4/4
  1348 | D:2      | Reached skill level 4 in Stealth
  1453 | D:2      | Noticed Natasha
  1461 | D:2      | Killed Natasha
  1462 | D:2      | Reached XP level 4. HP: 21/21 MP: 5/5
  1466 | D:2      | Noticed Natasha
  1479 | D:2      | Killed Natasha
  1518 | D:2      | Noticed Natasha
  1588 | D:2      | Reached skill level 5 in Stealth
  1889 | D:2      | Reached XP level 5. HP: 25/25 MP: 6/6
  1921 | D:2      | Killed Natasha
  1922 | D:2      | Reached skill level 5 in Dodging
  2916 | D:3      | Found a stormy altar of Qazlal.
  3033 | D:3      | Reached skill level 6 in Stealth
  3275 | D:3      | Killed from afar by an orc priest
  3276 | D:3      | Reached XP level 4. HP: -9/22 MP: 5/5
  3292 | D:3      | Reached XP level 5. HP: 25/25 MP: 6/6
  3525 | D:3      | HP: 1/25 [poisoned by a scorpion]
  3530 | D:3      | Succumbed to a scorpion's poison

Illustrated notes

Levels and vault maps discovered:
D:1:      heliophobic_arrival_glass_houses, layout_basic
D:2:      layout_basic, uniq_natasha
D:3:      layout_loops_cross, lemuel_round_altar

Skill      XL: |  1  2  3  4  5 |
---------------+----------------+-----
Stealth        | 3 4 5 6 |  6.5
Dodging        | 5 |  5.5
Unarmed Combat | 4 |  4.2
Fighting       | 4 |  4.1

Action                   |  1- 3 |  4- 6 || total
-------------------------+-------+-------++-------
Melee: Unarmed           |    61 |   129 ||   190
       Bite              |     3 |    10 ||    13
       Punch             |       |     3 ||     3
  Use: Potion            |       |     2 ||     2
       Scroll            |       |     1 ||     1
 Stab: Sleeping          |    12 |     6 ||    18
Armor: Skin              |     2 |     5 ||     7
Dodge: Dodged            |    34 |    75 ||   109
Block: Other             |     3 |    13 ||    16

Table legend: (Time is in decaauts)
 A = Elapsed time spent in this place.
 B = Non-inter-level travel time spent in this place.
 C = Inter-level travel time spent in this place.
 D = Time resting spent in this place.
 E = Time spent auto-exploring this place.
 F = Levels seen in this place.
 G = Mean time per level.
                   A        B        C        D        E       F      G
               +--------+--------+--------+--------+--------+-----+--------+
         Total |   3195 |   3119 |     76 |      0 |   2636 |   3 | 1065.0 |
       Dungeon |   3195 |   3119 |     76 |      0 |   2636 |   3 | 1065.0 |
               +--------+--------+--------+--------+--------+-----+--------+

Top non-repeatable levels by time:
     D:2: 1298 daAuts
     D:1: 1285 daAuts
     D:3: 612 daAuts
